 Dungeon Crawl Stone Soup version 0.17.1-3-g152610e (webtiles) character file.

70639 Peloso the Peltast (level 14, -3/127 HPs)
             Began as a Minotaur Fighter on Feb 28, 2016.
             Was the Champion of Okawaru.
             Slain by an ettin
             ... wielding a +0 dire flail
              (9 damage)
             ... on level 15 of the Dungeon.
             The game lasted 01:11:00 (16762 turns).

Peloso the Peltast (Minotaur Fighter)              Turns: 16762, Time: 01:11:00

Health: -3/127     AC: 26    Str: 27    XL:     14   Next: 94%
Magic:  14/14      EV: 15    Int:  8    God:    Okawaru [******]
Gold:   1314       SH:  0    Dex: 11    Spells: 0 memorised, 13 levels left

rFire  + . .     SeeInvis .     r - +2 scimitar (flame)
rCold  x . .     Clarity  .     d - +10 plate armour of the Solstice {rN+ Int+3 Stlth+}
rNeg   + . .     SustAt   .     J - +2 large shield
rPois  .         Gourm    .     K - +1 hat
rElec  .         Spirit   .     (no cloak)
rCorr  .         Warding  .     I - +1 pair of gloves {archery}
rMut   .         Stasis   .     j - +0 pair of boots
MR     +....                    (no amulet)
Stlth  ..........               m - +5 ring of evasion
                                Q - ring of fire

@: confused, corroded equipment, somewhat resistant to hostile enchantments,
extremely unstealthy
A: retaliatory headbutt, horns 2, breathe flames 1, strong 1
a: Heroism, Finesse, Renounce Religion, Breathe Fire


You were on level 15 of the Dungeon.
You worshipped Okawaru.
Okawaru was exalted by your worship.
You were not hungry.

You visited 2 branches of the dungeon, and saw 16 of its levels.
You also visited: Ossuary and Bailey.

You collected 1314 gold pieces.

Inventory:

Hand Weapons
 b - the +9 rapier of the Puffball {flame, Dex+4}
   (You found it on level 7 of the Dungeon)

   It has been specially enchanted to burn those struck by it, causing extra
   injury to most foes and up to half again as much damage against particularly
   susceptible opponents.
   It affects your dexterity (+4).
 r - a +2 scimitar of flaming (weapon)
 N - a +2 falchion of electrocution
 S - the +9 flail of the Key {pain, rN+}
   (You found it on level 14 of the Dungeon)

   In the hands of one skilled in necromantic magic, it inflicts extra damage on
   living creatures.
   It protects you from negative energy.
 Y - the +5 demon blade "Geusu" {elec, +Inv rN+}
   (Okawaru gifted it to you on level 15 of the Dungeon)

   Occasionally, upon striking a foe, it will discharge some electrical energy
   and cause terrible harm.
   It protects you from negative energy.
   It lets you turn invisible.
Armour
 c - a +0 shield
 d - the +10 plate armour of the Solstice (worn) {rN+ Int+3 Stlth+}
   (You acquired it on level 9 of the Dungeon)

   It affects your intelligence (+3).
   It protects you from negative energy.
   It makes you more stealthy.
 j - a +0 pair of boots (worn)
 E - a +1 pair of gloves
 I - a +1 pair of gloves of archery (worn)
 J - a +2 large shield (worn)
 K - a +1 hat (worn)
 V - the +1 scale mail of Card Tricks {Str+4 Dex+4, unknown}
   (Okawaru gifted it to you on level 15 of the Dungeon)

   It affects your strength (+4).
   It affects your dexterity (+4).
Rods
 T - a cursed +0 rod of the swarm (14/14)
   (You took it off a hill giant on level 14 of the Dungeon)
Jewellery
 m - a +5 ring of evasion (right hand)
 w - an uncursed ring of ice
 x - a +5 ring of intelligence
 Q - a ring of fire (left hand)
 U - an uncursed amulet of the gourmand {unknown}
 X - a +4 ring of evasion
Wands
 C - a wand of cold (7)
 F - a wand of digging (11)
 W - a wand of random effects (20)
Scrolls
 f - 5 scrolls of identify
 l - 3 scrolls of teleportation
 o - 3 scrolls of blinking
 p - 3 scrolls of recharging
 s - 4 scrolls of remove curse
 t - 2 scrolls of enchant weapon
 y - 3 scrolls of random uselessness {unknown}
 z - 5 scrolls of enchant armour
 D - 6 scrolls of amnesia
 G - 2 scrolls of fear
 M - 2 scrolls of fog
 R - a scroll of magic mapping
Potions
 g - 6 potions of magic
 h - 12 potions of curing
 k - 4 potions of invisibility
 n - 2 potions of resistance
 u - 4 potions of haste
 v - 2 potions of agility
 A - 3 potions of heal wounds
 B - 4 potions of cancellation {unknown}
 L - a potion of might
Books
 i - a book of Callings

   Spells                             Type                      Level
   a - Summon Small Mammal            Summoning                    1
   b - Call Imp                       Summoning                    2
   c - Call Canine Familiar           Summoning                    3
   d - Summon Guardian Golem          Hexes/Summoning              3
   e - Summon Lightning Spire         Summoning/Air                4
   f - Summon Ice Beast               Ice/Summoning                4
 P - a book of Debilitation

   Spells                             Type                      Level
   a - Corona                         Hexes                        1
   b - Slow                           Hexes                        2
   c - Gell's Gravitas                Hexes/Translocation          3
   d - Inner Flame                    Hexes/Fire                   3
   e - Cause Fear                     Hexes                        4
   f - Leda's Liquefaction            Hexes/Earth                  4
Comestibles
 a - 5 royal jellies
 e - 8 bread rations
 q - 6 meat rations
 H - a beef jerky
 O - 4 fruits
 Z - 9 chunks of flesh


   Skills:
 + Level 12.7 Fighting
 + Level 0.9(9.9) Short Blades
 + Level 15.8 Long Blades
 + Level 3.9 Throwing
 + Level 12.1 Armour
 + Level 8.4 Dodging
 + Level 1.5 Stealth
 + Level 17.8 Shields
 + Level 1.9 Invocations


You had 13 spell levels left.
You didn't know any spells.

Dungeon Overview and Level Annotations

Branches:
Dungeon (15/15)            Temple (1/1) D:7            Lair (0/8) D:9
    Orc (0/4) D:12         Vaults (0/5) D:13         Depths (0/5) D:15

Altars:
Ashenzari
Cheibriados
Dithmenos
Elyvilon
Fedhas
Gozag
Kikubaaqudgha
Makhleb
Nemelex Xobeh
Okawaru
Qazlal
Ru
Sif Muna
Trog
Vehumet
Xom
Yredelemnul
Zin
The Shining One

Shops:
D:7 [   D:11 *


Innate Abilities, Weirdness & Mutations

You reflexively headbutt those who attack you in melee.
You have a pair of horns on your head.
You can breathe flames.
Your muscles are strong. (Str +2)


Message History

The griffon barely misses you. The griffon pecks you!
* * * LOW HITPOINT WARNING * * *
The griffon closely misses you. The ettin hits you with a dire flail.
* * * LOW HITPOINT WARNING * * *
The ettin hits you with a great mace!
* * * LOW HITPOINT WARNING * * *
The jelly barely misses you.
You slash the jelly! You burn the jelly. The acid corrodes you!
Your hands burn!
* * * LOW HITPOINT WARNING * * *
The jelly is moderately wounded.
The sphinx hits you but does no damage. The sphinx barely misses you.
The sphinx closely misses you. The griffon barely misses you.
The griffon pecks you.
* * * LOW HITPOINT WARNING * * *
The griffon claws you.
* * * LOW HITPOINT WARNING * * *
The jelly closely misses you.
You hit the sphinx but do no damage. The ettin hits you with a dire flail!
You die...

#...######..
≈§≈##....#.##... )
.$%≈##........... ..
..$≈##..<...#...# #.
.#..≈##.>..#...#.. ##.#
...!§##..<...#...#
.#...# #..§##.....).....
......##H§§#############
#...JH@.##≈###########.
##...JC'###§§≈≈≈§≈##...
##...'#)##[[§(§.≈##...
#..'#.#'...#...≈#....
....'#.#'....#...≈##.#.
...##.#'†.....##.≈##...
≈≈≈≈ ##'..<.....).≈##)#.
### #.....#'#'######(#
##########
≈.....###)#.####(#.


You could see a sphinx, a griffon, an ettin and 2 jellies.

Vanquished Creatures
  Rupert (D:14)
  A very ugly thing (D:15)
  Nessos (D:14)
  2 ettins (D:15)
  A yaktaur captain (D:15)
  8 vault guards (D:13)
  3 hydras (D:15)
  The ghost of trgk the Blocker, a journeyman MiFi of Dithmenos (D:11)
  Fannar (D:12)
  The ghost of trgk the Spear-Bearer, a journeyman MiFi of Okawaru (D:11)
  Erolcha (D:9)
  Erica (D:8)
  8 centaur warriors (D:15)
  2 catoblepae (D:15)
  A tengu warrior (D:15)
  A deep elf knight (D:15)
  A deep troll (D:15)
  5 hill giants
  3 unseen horrors
  Pikel (D:6)
  16 ugly things
  4 cyclopes
  3 griffons
  A harpy (D:15)
  A salamander (shapeshifter) (D:15)
  A wolf spider zombie (D:13)
  4 wolf spiders
  An orc sorcerer (D:15)
  3 manticores
  12 kobold demonologists
  2 komodo dragons (D:15)
  2 yaktaurs (D:15)
  A tengu conjurer (D:15)
  3 freezing wraiths (D:15)
  5 trolls
  3 two-headed ogres
  A jumping spider (shapeshifter) (D:15)
  The ghost of iroha the Slasher, an amateur DsGl of Dithmenos (D:5)
  7 slime creatures
  The ghost of kropeczka the Conjurer, an amateur HECj of Vehumet (D:4)
  2 centaur simulacra
  Sigmund (D:2)
  A spriggan (shapeshifter) (D:14)
  2 wraiths (D:14)
  A shadow (D:14)
  6 hungry ghosts
  3 deep elf magi
  A basilisk (shapeshifter) (D:15)
  15 yaks
  A basilisk (D:14)
  A wyvern (D:15)
  A yak (shapeshifter) (D:15)
  5 deep elf fighters
  A vampire mosquito (D:15)
  A mottled dragon (D:14)
  A warg (D:12)
  4 hippogriffs
  4 sky beasts
  A hornet simulacrum (D:15)
  A water moccasin (D:15)
  A necrophage (D:7)
  A spider (shapeshifter) (D:15)
  5 ogres
  6 ice beasts
  A black bear (D:6)
  3 phantoms
  14 orc warriors
  13 centaurs
  9 giant frogs
  5 big kobolds
  A water moccasin skeleton (D:11)
  6 scorpions
  3 wights (D:13)
  28 killer bees
  3 spriggan skeletons (D:12)
  3 jellies
  4 centaur zombies
  8 crimson imps
  11 orc priests
  9 hounds
  2 giant frog zombies
  2 giant frog skeletons
  Ijyb (D:2)
  9 centaur skeletons
  13 orc wizards
  15 worker ants
  Natasha (thrice) (D:2)
  4 iguanas
  A quasit (D:15)
  4 sheep (D:13)
  A hound skeleton (D:7)
  A worker ant zombie (D:11)
  14 mummies
  8 adders
  8 gnolls
  2 river rats (D:9)
  3 shadow imps
  An ooze (D:7)
  An adder skeleton (D:4)
  4 giant geckos
  52 orcs
  A ball python (D:1)
  14 bats
  10 giant cockroaches
  9 hobgoblins
  6 jackals
  A giant gecko zombie (D:7)
  5 giant newts
  2 gnoll skeletons (Ossuary)
  11 goblins
  A goblin skeleton (Ossuary)
  A jackal skeleton (D:5)
  24 kobolds
  2 kobold skeletons (Ossuary)
  2 orc skeletons (Ossuary)
  4 quokkas
  2 quokka skeletons
  17 rats
  11 rat skeletons (Ossuary)
575 creatures vanquished.

Vanquished Creatures (others)
  A kobold demonologist (D:15)
  A goblin skeleton (Ossuary)
  3 fungi (D:15)
5 creatures vanquished.

Grand Total: 580 creatures vanquished

Notes
Turn   | Place    | Note
--------------------------------------------------------------
     0 | D:1      | Peloso the Minotaur Fighter began the quest for the Orb.
     0 | D:1      | Reached XP level 1. HP: 19/19 MP: 0/0
   409 | D:1      | Reached XP level 2. HP: 27/27 MP: 1/1
   461 | D:1      | Reached skill level 4 in Armour
   982 | D:2      | Reached XP level 3. HP: 28/33 MP: 2/2
  1055 | D:2      | Noticed Sigmund
  1107 | D:1      | Reached skill level 1 in Dodging
  1299 | D:1      | Reached XP level 4. HP: 12/40 MP: 3/3
  1529 | D:2      | Killed Sigmund
  1529 | D:2      | Reached skill level 5 in Armour
  1529 | D:2      | Reached XP level 5. HP: 18/47 MP: 4/4
  1744 | D:2      | Noticed Ijyb
  1764 | D:2      | Killed Ijyb
  1764 | D:2      | Reached skill level 5 in Shields
  1764 | D:2      | Reached XP level 6. HP: 51/53 MP: 5/5
  1816 | D:2      | Found a snail-covered altar of Cheibriados.
  1822 | D:2      | Found a sparkling altar of Nemelex Xobeh.
  1832 | D:2      | Noticed Natasha
  1837 | D:2      | Killed Natasha
  1975 | D:2      | Noticed Natasha
  1980 | D:2      | Killed Natasha
  2159 | D:2      | Found a blossoming altar of Fedhas.
  2198 | D:2      | Noticed Natasha
  2206 | D:2      | Killed Natasha
  2437 | D:3      | Found a sacrificial altar of Ru.
  2524 | D:3      | Found an ancient bone altar of Kikubaaqudgha.
  2794 | D:3      | Reached skill level 5 in Fighting
  3147 | D:3      | Found an opulent altar of Gozag.
  3151 | D:3      | Reached XP level 7. HP: 49/61 MP: 6/6
  3399 | D:4      | Reached skill level 6 in Armour
  3532 | D:4      | Found a burning altar of Makhleb.
  3546 | D:4      | Noticed kropeczka's ghost (amateur HECj)
  3580 | D:4      | Killed kropeczka's ghost
  3881 | D:5      | Entered Level 5 of the Dungeon
  3893 | D:5      | Reached skill level 5 in Long Blades
  3981 | D:5      | Found a sand-covered staircase.
  3996 | Ossuary  | Entered an ossuary
  4076 | Ossuary  | Reached XP level 8. HP: 70/70 MP: 7/7
  4360 | D:5      | Noticed iroha's ghost (amateur DsGl)
  4369 | D:5      | Killed iroha's ghost
  4369 | D:5      | Reached skill level 7 in Armour
  4990 | D:5      | Got a pitted ring mail
  5001 | D:5      | Identified the cursed +0 ring mail of the Hot Ocelot {rC++} (You found it on level 5 of the Dungeon)
  5631 | D:6      | Reached skill level 5 in Dodging
  5871 | D:6      | Reached XP level 9. HP: 74/79 MP: 8/8
  6050 | D:6      | Noticed Pikel
  6071 | D:6      | Killed Pikel
  6237 | D:6      | Reached skill level 8 in Shields
  6596 | D:6      | You fall through a shaft!
  6655 | D:7      | Found Aphop's Armour Shoppe.
  6951 | D:7      | Reached skill level 9 in Shields
  6971 | D:7      | Found a staircase to the Ecumenical Temple.
  6991 | D:7      | Reached skill level 1 in Stealth
  6999 | Temple   | Entered the Ecumenical Temple
  7035 | Temple   | Became a worshipper of Warmaster Okawaru
  7289 | D:7      | Got a shimmering rapier
  7290 | D:7      | Identified the +9 rapier of the Puffball {flame, Dex+4} (You found it on level 7 of the Dungeon)
  7350 | D:8      | Reached XP level 10. HP: 88/88 MP: 9/9
  7708 | D:7      | Reached * piety under Okawaru
  7724 | D:8      | Noticed Erica
  7925 | D:8      | Killed Erica
  7925 | D:8      | Reached skill level 10 in Shields
  8646 | D:9      | Reached ** piety under Okawaru
  8771 | D:9      | Reached skill level 10 in Long Blades
  8797 | D:9      | Noticed Erolcha
  8805 | D:9      | Killed Erolcha
  8805 | D:9      | Reached *** piety under Okawaru
  8819 | D:9      | Reached XP level 11. HP: 42/97 MP: 10/10
  9205 | D:9      | Got a heavily runed ring mail
  9211 | D:9      | Identified a scroll of acquirement
  9214 | D:9      | Got a faintly glowing plate armour
  9225 | D:9      | Identified the +10 plate armour of the Solstice {rN+ Int+3 Stlth+} (You acquired it on level 9 of the Dungeon)
  9241 | D:9      | Identified the +4 ring mail of Gozag's Hope {-Tele Str+4 Int+6 Dex+3} (You found it on level 9 of the Dungeon)
  9338 | D:9      | Found a staircase to the Lair.
  9351 | D:9      | Got a transparent bone ring
  9353 | D:9      | Identified the ring of Temperance {Str+3 Dex-2 Slay+3 Stlth-} (You found it on level 9 of the Dungeon)
  9376 | D:10     | Entered Level 10 of the Dungeon
  9376 | D:10     | Noticed a hill giant
  9384 | D:10     | Killed a hill giant
  9472 | D:10     | Reached skill level 11 in Shields
  9473 | D:10     | Reached **** piety under Okawaru
  9900 | D:11     | Reached skill level 10 in Armour
  9940 | D:11     | Found Yxkargh's General Store.
  9940 | D:11     | Noticed trgk's ghost (journeyman MiFi)
  9968 | D:11     | Killed trgk's ghost
 10139 | D:11     | Noticed trgk's ghost (journeyman MiFi)
 10144 | D:11     | Found a shimmering altar of Xom.
 10190 | D:11     | Killed trgk's ghost
 10190 | D:11     | Received a gift from Okawaru
 10516 | D:11     | Reached skill level 12 in Shields
 10739 | D:11     | Reached ***** piety under Okawaru
 10854 | D:11     | Noticed a sun demon
 10857 | D:11     | Noticed an ice devil
 10904 | D:12     | Reached skill level 10 in Fighting
 10942 | D:12     | Noticed Fannar
 11488 | D:12     | Reached XP level 12. HP: 106/106 MP: 11/11
 11731 | D:12     | Received a gift from Okawaru
 11735 | D:12     | Got a translucent short sword {god gift}
 11737 | D:12     | Identified the +4 short sword "Viaxtam" {vamp, rF- Str+8 Dex+3} (Okawaru gifted it to you on level 12 of the Dungeon)
 11749 | D:12     | Found a staircase to the Orcish Mines.
 11811 | D:12     | Killed an unseen horror
 11848 | D:12     | Reached skill level 13 in Shields
 11939 | D:12     | Found an opulent altar of Gozag.
 12019 | D:12     | Killed Fannar
 12387 | D:13     | Found a flagged portal.
 12420 | Bailey   | Entered a bailey
 12549 | Bailey   | Found an iron altar of Okawaru.
 12661 | D:13     | Gained mutation: Your muscles are strong. (Str +2) [potion of beneficial mutation]
 12662 | D:13     | Gained mutation: You can breathe flames. [potion of beneficial mutation]
 12716 | D:13     | Reached skill level 1 in Throwing
 12894 | D:13     | Noticed a vault guard
 12894 | D:13     | Noticed a vault guard
 12895 | D:13     | Noticed a vault guard
 12895 | D:13     | Found a gate to the Vaults.
 12895 | D:13     | Noticed a vault guard
 12895 | D:13     | Noticed a vault guard
 12895 | D:13     | Noticed a vault guard
 12896 | D:13     | Noticed a vault guard
 12896 | D:13     | Noticed a vault guard
 12926 | D:13     | Killed a vault guard
 12946 | D:13     | Killed a vault guard
 12946 | D:13     | Received a gift from Okawaru
 12946 | D:13     | Reached skill level 14 in Shields
 12953 | D:13     | Killed a vault guard
 12980 | D:13     | Killed a vault guard
 12980 | D:13     | Reached skill level 1 in Invocations
 12990 | D:13     | Killed a vault guard
 13002 | D:13     | Killed a vault guard
 13013 | D:13     | Killed a vault guard
 13027 | D:13     | Killed a vault guard
 13027 | D:13     | Reached XP level 13. HP: 69/115 MP: 12/12
 13465 | D:14     | Received a gift from Okawaru
 13465 | D:14     | Reached ****** piety under Okawaru
 13478 | D:14     | Reached skill level 15 in Shields
 13784 | D:14     | Found a shimmering altar of Xom.
 13784 | D:14     | Found a shimmering altar of Xom.
 13785 | D:14     | Found a shimmering altar of Xom.
 13787 | D:14     | Found a shimmering altar of Xom.
 13810 | D:14     | Noticed Rupert
 13821 | D:14     | Paralysed by Rupert for 5 turns
 13840 | D:14     | Killed Rupert
 13882 | D:14     | Got an ancient flail
 13883 | D:14     | Identified the +9 flail of the Key {pain, rN+} (You found it on level 14 of the Dungeon)
 14269 | D:14     | Received a gift from Okawaru
 14360 | D:14     | Reached skill level 16 in Shields
 14445 | D:14     | Noticed Nessos
 14453 | D:14     | Killed Nessos
 14637 | D:15     | Entered Level 15 of the Dungeon
 14721 | D:15     | Found a deep blue altar of Sif Muna.
 14738 | D:15     | Found a sparkling altar of Nemelex Xobeh.
 14738 | D:15     | Found a white marble altar of Elyvilon.
 14812 | D:15     | Reached XP level 14. HP: 114/125 MP: 13/13
 15122 | D:15     | Found a staircase to the Depths.
 15338 | D:15     | Received a gift from Okawaru
 15371 | D:15     | Received a gift from Okawaru
 15374 | D:15     | Got a scorched scale mail {god gift}
 15405 | D:15     | Reached skill level 15 in Long Blades
 15405 | D:15     | Reached skill level 17 in Shields
 15410 | D:15     | HP: 1/126 [white ugly thing (49)]
 15727 | D:15     | Noticed a red very ugly thing
 15739 | D:15     | Killed a red very ugly thing
 16653 | D:15     | Received a gift from Okawaru
 16663 | D:15     | Got a smoking demon blade {god gift}
 16671 | D:15     | Identified the +5 demon blade "Geusu" {elec, +Inv rN+} (Okawaru gifted it to you on level 15 of the Dungeon)
 16748 | D:15     | Noticed a sphinx
 16761 | D:15     | HP: 6/127 [griffon (2)]
 16762 | D:15     | Slain by an ettin

Action                   |  1- 3 |  4- 6 |  7- 9 | 10-12 | 13-15 || total
-------------------------+-------+-------+-------+-------+-------++-------
Melee: Long sword        |   100 |   119 |   445 |   175 |       ||   839
       Rapier            |       |       |     2 |    11 |       ||    13
       Scimitar          |       |       |       |   278 |   637 ||   915
       Falchion          |       |       |       |   402 |   252 ||   654
       Demon blade       |       |       |       |       |    14 ||    14
Throw: Tomahawk          |       |       |       |    30 |       ||    30
Invok: Heroism           |       |       |       |     3 |     7 ||    10
  Use: Potion            |     2 |     1 |     3 |     2 |     1 ||     9
       Scroll            |       |       |    23 |     9 |     2 ||    34
  Eat: Chunk             |     1 |     6 |    14 |    22 |    10 ||    53
       Pizza             |       |       |     1 |       |       ||     1
       Beef jerky        |       |       |     1 |       |       ||     1
       Fruit             |       |       |       |     1 |     5 ||     6
